Map: New Gettysburg LE

Players

Hawklett - Winner!

  • Race: Terran Terran
  • League: Silver

Gracz

  • Race: Protoss Protoss
  • League: Silver

VOD

Have the link to the VOD?

Description

Time

  • Played on: Sept. 24, 2016, 6:20 a.m.
  • Length: 15:42
Show
View Real Time Build Order
Export as new Build Order

Hawklett Terran - Winner!

Build Orders:  

Get SALT Encoding   

  12  0:00  SCV  
  13  0:13  SCV  
  14  0:23  Supply Depot  
  14  0:25  SCV  
  15  0:32  Refinery  
  15  0:45  SCV  
  15  0:49  Barracks  
  17  0:57  SCV  
  17  1:05  Barracks  
  17  1:09  SCV  
  18  1:21  SCV  
  18  1:25  Supply Depot  
  19  1:33  SCV  
  19  1:36  Reaper  
  21  1:47  Orbital Command  
  21  1:57  Reaper  
  22  2:04  Refinery  
  22  2:08  Reaper  
  23  2:13  SCV  
  24  2:22  Engineering Bay  
  24  2:28  SCV  
  24  2:29  Reaper  
  26  2:40  SCV  
  27  2:45  Barracks, Marine  
  28  2:52  SCV  
  28  2:53  Missile Turret  
  29  3:03  Marine  
  29  3:05  Factory  
  30  3:12  Marine  
  31  3:24  Supply Depot  
  31  3:26  Terran Infantry Weapons Level 1  
  31  3:45  Marine x3  
  31  3:47  Supply Depot  
  34  3:54  Supply Depot  
  34  4:03  Marine x3  
  37  4:10  Supply Depot  
  33  4:39  Marine x3  
  33  4:41  Factory Tech Lab  
  36  4:49  SCV  
  36  4:51  Barracks  
  37  4:55  Supply Depot  
  37  4:56  Marine  
  39  5:01  Barracks Tech Lab, SCV  
  39  5:03  Barracks Tech Lab  
  39  5:04  Armory  
  39  5:11  Siege Tank  
  39  5:14  SCV  
  43  5:21  Terran Infantry Armor Level 1  
  43  5:29  Barracks Reactor  
  43  5:32  Marauder x2  
  43  5:35  Concussive Shells  
  47  5:39  SCV  
  47  5:41  Barracks Tech Lab  
  48  5:51  SCV  
  48  5:53  Marauder  
  48  5:54  Siege Tank, Marauder  
  56  6:23  Marine x2  
  58  6:26  Siege Tank  
  61  6:55  Command Center  
  61  6:58  Siege Tank  
  64  7:06  Marauder  
  64  7:07  Marauder x2  
  64  7:08  Marine  
  71  7:24  Marine  
  71  7:26  Marine  
  70  7:30  Marauder  
  70  7:36  Marauder  
  71  8:07  Marine x4, Marauder  
  77  8:16  Terran Ship Weapons Level 1, Supply Depot  
  77  8:17  Supply Depot  
  77  8:20  Supply Depot  
  77  8:21  Supply Depot  
  77  8:23  Supply Depot  
  77  8:24  Marine x4  
  81  8:28  Marine  
  79  8:42  Marine x2  
  57  9:06  Marauder x3  
  57  9:11  SCV  
  58  9:19  SCV  
  58  9:23  SCV  
  60  9:30  Marine  
  60  9:31  Marine, SCV  
  61  9:35  SCV  
  64  9:46  Orbital Command  
  66  9:53  Marauder x2  
  66  9:54  Marauder  
  66  9:58  Terran Infantry Weapons Level 2  
  70  10:02  Combat Shields  
  70  10:05  Stimpack  
  70  10:10  Starport  
  70  10:16  Marauder x2  
  70  10:17  Marauder  
  76  10:28  Refinery  
  76  10:38  Liberator  
  80  10:43  Marauder x3  
  80  10:44  Marine x2  
  84  10:51  Refinery  
  87  10:58  Siege Tank  
  87  11:00  SCV  
  87  11:01  Marine  
  94  11:04  Marauder  
  94  11:12  SCV  
  95  11:20  SCV  
  96  11:32  SCV  
  97  11:38  Starport, Terran Ship Weapons Level 2  
  97  11:53  Missile Turret  
  97  11:54  Missile Turret  
  97  11:57  Missile Turret x2, SCV  
  97  12:01  Marine x4  
  102  12:10  SCV  
  100  12:17  Missile Turret  
  100  12:18  Missile Turret  
  100  12:20  Missile Turret  
  100  12:23  Viking x2  
  100  12:29  SCV  
  105  12:41  SCV  
  106  12:53  Medivac, Viking, SCV  
  111  13:15  Orbital Command  
  111  13:23  Medivac  
  101  14:05  Marauder x2  
  101  14:06  Marauder  
  107  14:11  Marine x2  
  107  14:14  Siege Tank  
  112  14:27  Marauder x3  
  112  14:29  Marine x2  
  113  14:47  Marine x2  
  113  14:48  Marauder x3  
Show
View Real Time Build Order
Export as new Build Order

Gracz Protoss 

Build Orders:  

Get SALT Encoding   

  12  0:01  Probe (Chrono Boost)  
  13  0:17  Pylon  
  13  0:24  Probe (Chrono Boost)  
  14  0:28  Assimilator  
  14  0:43  Gateway  
  14  0:54  Gateway  
  14  0:59  Probe (Chrono Boost)  
  15  1:06  Pylon  
  15  1:10  Probe (Chrono Boost)  
  16  1:28  Gateway  
  16  1:34  Cybernetics Core  
  16  1:49  Probe (Chrono Boost)  
  17  2:06  Nexus  
  17  2:11  Probe (Chrono Boost)  
  18  2:22  Probe (Chrono Boost)  
  19  2:32  Probe (Chrono Boost)  
  20  2:42  Assimilator  
  20  2:43  Probe (Chrono Boost)  
  21  2:48  Pylon  
  21  2:53  Stargate  
  21  2:58  Probe (Chrono Boost)  
  22  3:08  Probe (Chrono Boost)  
  22  3:12  Stalker  
  25  3:14  Warp Gate  
  25  3:19  Probe (Chrono Boost)  
  27  3:28  Probe (Chrono Boost)  
  27  3:29  Probe (Chrono Boost)  
  28  3:40  Probe x2 (Chrono Boost)  
  30  3:51  Stalker x2, Probe (Chrono Boost)  
  30  3:52  Probe (Chrono Boost)  
  30  3:53  Stalker  
  32  4:04  Probe (Chrono Boost)  
  17  4:40  Probe x2 (Chrono Boost)  
  18  4:52  Probe x2 (Chrono Boost)  
  20  5:02  Probe (Chrono Boost)  
  20  5:03  Probe (Chrono Boost)  
  22  5:13  Probe x2 (Chrono Boost)  
  24  5:23  Probe (Chrono Boost)  
  24  5:24  Probe (Chrono Boost)  
  26  5:34  Probe (Chrono Boost)  
  27  5:41  Probe (Chrono Boost)  
  28  5:44  Probe (Chrono Boost)  
  29  5:51  Probe (Chrono Boost)  
  29  5:55  Probe (Chrono Boost)  
  31  6:02  Probe (Chrono Boost)  
  32  6:05  Probe (Chrono Boost)  
  31  6:13  Mothership Core (Chrono Boost)  
  31  6:14  Robotics Facility  
  33  6:30  Probe (Chrono Boost)  
  33  6:31  Assimilator, Probe (Chrono Boost)  
  35  6:36  Assimilator  
  35  6:39  Stalker  
  37  6:40  Stalker x2  
  37  6:41  Probe (Chrono Boost)  
  37  6:42  Probe (Chrono Boost)  
  43  6:51  Probe (Chrono Boost)  
  43  6:52  Probe (Chrono Boost)  
  45  7:02  Probe (Chrono Boost)  
  45  7:04  Stalker  
  45  7:05  Stalker  
  45  7:06  Stalker  
  50  7:44  Pylon  
  50  7:55  Pylon  
  50  7:59  Pylon  
  50  8:01  Pylon  
  50  8:13  Void Ray  
  42  8:37  Gateway  
  42  8:39  Gateway  
  42  8:41  Gateway  
  36  9:21  Warp Prism  
  38  9:24  Pylon  
  38  9:27  Pylon  
  38  9:29  Nexus  
  38  9:32  Assimilator  
  38  9:34  Assimilator  
  38  9:43  Gateway x2  
  38  9:47  Gateway  
  38  9:54  Pylon  
  38  9:57  Pylon  
  38  10:00  Pylon  
  38  10:06  Cybernetics Core  
  38  10:47  Probe x2 (Chrono Boost)  
  40  10:57  Probe (Chrono Boost)  
  41  11:06  Nexus  
  41  11:36  Stalker  
  41  11:37  Stalker  
  41  11:38  Stalker  
  47  11:44  Probe x2 (Chrono Boost)  
  48  12:22  Stalker x2  
  50  12:23  Stalker  
  50  12:24  Stalker  
  56  12:32  Probe (Chrono Boost)  
  57  12:43  Probe (Chrono Boost)  
  58  12:53  Pylon  
  58  12:56  Probe (Chrono Boost)  
  59  12:59  Stalker  
  59  13:04  Stalker  
  63  13:07  Probe (Chrono Boost)  
  63  13:09  Probe (Chrono Boost)  
  65  13:17  Probe (Chrono Boost)  
  36  13:47  Stalker x4  
  42  13:48  Stalker  
  42  13:49  Stalker  
  42  13:53  Pylon  
  42  13:54  Pylon  
  44  13:58  Mothership Core (Chrono Boost)  
  41  14:19  Void Ray  
  45  14:34  Pylon  
  37  14:45  Stalker x3  
  22  15:08  Probe (Chrono Boost)  
  23  15:18  Probe (Chrono Boost), Gateway  
  24  15:22  Gateway  
  24  15:29  Probe (Chrono Boost)  
Tags
 
Add a new tag
Caveats
  • Supply blocks, unpowered buildings, or Contaminate may cause inaccurate times.
  • Supply counts are checked every 10 seconds.